 Dungeon Crawl Stone Soup version 0.18.1-50-g88ac8fd (webtiles) character file.

95 Nordron the Changer (level 4, 0/38 HPs)
             Began as a Naga Transmuter on Sept 29, 2016.
             Slain by an ogre
             ... wielding a +0 giant club
              (22 damage)
             ... on level 2 of the Dungeon.
             The game lasted 00:09:12 (2073 turns).

Nordron the Changer (Naga Transmuter)               Turns: 2073, Time: 00:09:12

Health: 0/38       AC:  2    Str: 13    XL:     4   Next: 66%
Magic:  7/7        EV: 10    Int: 13    God:
Gold:   65         SH:  0    Dex: 12    Spells: 1 memorised, 6 levels left

rFire  . . .     SeeInvis +     j - +2 short sword (venom)
rCold  . . .     Gourm    .     b - +0 robe
rNeg   . . .     Faith    .     (no shield)
rPois  +         Spirit   .     (no helmet)
rElec  .         Dismiss  .     (no cloak)
rCorr  .         Reflect  .     (no gloves)
SustAt .         Harm     .     (no barding)
MR     .....                    (no amulet)
Stlth  +.........               (no ring)
                                (no ring)

@: very slow, not resistant to hostile enchantments, very unstealthy
A: see invisible, deformed body, poison resistance, slowness 2, slow metabolism
1, spit poison 2, AC +1
a: Spit Poison


You were on level 2 of the Dungeon.
You were not hungry.

You visited 1 branch of the dungeon, and saw 3 of its levels.

You collected 65 gold pieces.

Inventory:

Hand Weapons
 j - a +2 short sword of venom (weapon)
Missiles
 a - 12 arrows
 p - 6 javelins of returning (quivered)
Armour
 b - a +0 robe (worn)
Wands
 k - a wand of digging (1/24)
Scrolls
 e - a scroll of enchant armour {unknown}
 f - a scroll of amnesia {unknown}
 h - a scroll of random uselessness {unknown}
 i - a scroll of remove curse {unknown}
 l - 2 scrolls of identify {unknown}
 m - a scroll of teleportation {unknown}
Potions
 g - 2 potions of flight {unknown}
 o - a potion of degeneration {unknown}
Books
 c - a book of Changes

   Spells                             Type                      Level
   a - Beastly Appendage              Transmutation                1
   b - Sticks to Snakes               Transmutation                2
   c - Spider Form                    Transmutation/Poison         3
   d - Ice Form                       Ice/Transmutation            4
   e - Blade Hands                    Transmutation                5
Comestibles
 d - 2 bread rations
 n - a beef jerky
 q - a chunk of flesh


   Skills:
 - Level 1.0 Fighting
 - Level 1.5 Dodging
 - Level 3.0 Unarmed Combat
 - Level 2.0 Spellcasting
 * Level 4.7 Transmutations


You had 6 spell levels left.
You knew the following spells:

 Your Spells              Type           Power        Failure   Level  Hunger
a - Beastly Appendage     Trmt           ##....       4%          1    ##.....


Dungeon Overview and Level Annotations

Branches:
Dungeon (3/15)

Altars:
Ashenzari
Pakellas
Trog


Innate Abilities, Weirdness & Mutations

You cannot wear boots.
Your serpentine skin is tough (AC +1).
You have supernaturally acute eyesight.
Armour fits poorly on your strangely shaped body.
Your system is resistant to poisons.
You cover ground very slowly.
You have a slow metabolism.
You can spit poison.


Message History

There is a stone staircase leading down here.
You start resting.
Your horns disappear.
You start resting.
HP restored.
You climb downwards.
Found 49 gold pieces and a paperback book.
Found a stone staircase leading down.
There is a stone staircase leading up here.
An ogre comes into view. It is wielding a giant club.
The ogre shouts!
The ogre moves out of view.
You now have 65 gold pieces (gained 10).
There is a stone staircase leading up here.
The ogre hits you with a giant club!
You climb upwards.
There is a stone staircase leading down here.
You barely miss the ogre. The ogre hits you with a giant club!!
Ouch! That really hurt!
You die...

...# #.......#.#.<....#
##...### .#.#
##.....##.##.###.#
##....# .#.#
##...#...##.# #.# ####.#
##.# ###.#.#.##.# #.#
#.# .^.# #.#.#.##.# #.#
#.# .###
#)#.#.##.###.###### #.#
..# #.#.#.............#
#.# #.#
#.(.)....###..###.# #.#
#.####
###....@O.......#.# #.#
'....#
###.........#.#.####.#
#.##.#
#.######...........#
#....# #.#
##.##########. ..#..#
#.# ###.#.### #. ###..#
#.# #..###..# #.
#..#########.# #.#.#.#.#
#. #............#
#.##.##.# #.
##.......#.###########.#
#.


You could see an ogre.

Vanquished Creatures
  A gnoll (D:1)
  3 adders (D:2)
  2 worms (D:2)
  3 dart slugs
  2 giant geckos
  4 bats
  2 giant cockroaches
  7 hobgoblins
  6 kobolds
  A quokka (D:2)
  4 giant newts
  5 goblins
  8 rats
48 creatures vanquished.

Vanquished Creatures (others)
  A goblin (D:1)
1 creature vanquished.

Grand Total: 49 creatures vanquished

Notes
Turn   | Place    | Note
--------------------------------------------------------------
     0 | D:1      | Nordron the Naga Transmuter began the quest for the Orb.
     0 | D:1      | Reached XP level 1. HP: 18/18 MP: 3/3
   319 | D:1      | Reached XP level 2. HP: 24/25 MP: 3/5
   343 | D:1      | Reached skill level 3 in Transmutations
   445 | D:1      | Reached XP level 3. HP: 24/31 MP: 6/6
   504 | D:1      | Found a shattered altar of Ashenzari.
  1199 | D:2      | Reached skill level 4 in Transmutations
  1199 | D:2      | Reached XP level 4. HP: 20/38 MP: 7/7
  1852 | D:2      | Found a bloodstained altar of Trog.
  1951 | D:2      | Found an oddly glowing altar of Pakellas.
  2065 | D:3      | Noticed an ogre
  2073 | D:2      | Slain by an ogre

Skill      XL: |  1  2  3 |
---------------+----------+-----
Transmutations | 3 4 |  4.7
Fighting       | |  1.0
Dodging        | |  1.5
Unarmed Combat | |  3.0
Spellcasting   | |  2.0

Action                   |  1- 3 |  4- 6 || total
-------------------------+-------+-------++-------
Melee: Dagger            |     7 |       ||     7
       Unarmed           |     7 |       ||     7
       Headbutt          |     7 |     5 ||    12
       Punch             |     1 |       ||     1
       Short sword       |    62 |    34 ||    96
 Cast: Beastly Appendage |    18 |     8 ||    26
  Eat: Chunk             |     1 |     2 ||     3
Armor: Robe              |    10 |     4 ||    14
Dodge: Dodged            |    39 |    18 ||    57
